 Dungeon Crawl Stone Soup version 0.23.0-38-g208d714 (webtiles) character file.

Game seed: 7746744628270848912

149 HEYYEYAAE the Bolt Thrower (level 5, 0/36 HPs)
             Began as an Octopode Hunter on Feb 27, 2019.
             Slain by a kobold
             ... wielding a +0 short sword
              (1 damage)
             ... on level 3 of the Dungeon.
             The game lasted 00:03:18 (2182 turns).

HEYYEYAAE the Bolt Thrower (Octopode Hunter)        Turns: 2182, Time: 00:03:19

Health: 0/36       AC:  1    Str: 10 (11) XL:     5   Next: 31%
Magic:  5/5        EV: 14    Int: 13      God:
Gold:   87         SH:  0    Dex: 14      Spells: 4/4 levels left

rFire    . . .     SeeInvis .   n - +0 dagger (freeze)
rCold    . . .     Gourm    .   (no shield)
rNeg     . . .     Faith    +   (helmet restricted)
rPois    .         Spirit   .   j - amulet of faith
rElec    .         Reflect  .   (no ring)
rCorr    .         Harm     .   (no ring)
MR       .....                  (no ring)
Stlth    +++.......             (no ring)
HPRegen  0.12/turn              (no ring)
MPRegen  0.09/turn              (no ring)
                                (no ring)
                                (no ring)

@: no status effects
A: almost no armour, stealthy swim, amphibious, 8 rings, constrict 8, camouflage
1, gelatinous body 1
a: no special abilities


You were on level 3 of the Dungeon.
You were not hungry.

You visited 1 branch of the dungeon, and saw 3 of its levels.

You collected 87 gold pieces.

Inventory:

Hand Weapons
 a - a +1 hand crossbow
 b - a +0 short sword
 n - a +0 dagger of freezing (weapon)
Jewellery
 j - an amulet of faith (around mantle)
Scrolls
 k - 2 scrolls of amnesia
Potions
 e - a potion of degeneration
 h - 2 potions of curing
Comestibles
 d - 5 rations


   Skills:
 * Level 3.2 Fighting
 * Level 4.8 Crossbows
 * Level 3.2 Dodging
 + Level 2.9 Stealth


You had 4 spell levels left.
You didn't know any spells.
Your spell library was empty.

Dungeon Overview and Level Annotations

Branches:
Dungeon (3/15)

Altars:
Ashenzari


Innate Abilities, Weirdness & Mutations

You cannot wear most types of armour.
You are very stealthy in the water. (Stealth+)
You are amphibious.
You can wear up to eight rings at the same time.
You can use your tentacles to constrict eight enemies at once.
Your skin changes colour to match your surroundings (Stealth+).
Your rubbery body absorbs attacks. (AC +1, EV +1)


Message History

* * * LOW HITPOINT WARNING * * *
The orc hits you with a +0 hand axe.
* * * LOW HITPOINT WARNING * * *
The kobold barely misses you.
You hit the bat but do no damage. Your grab misses the bat.
Your squeeze misses the bat. The bat barely misses you.
The orc priest invokes the aid of Beogh against you.
Beogh smites you!
* * * LOW HITPOINT WARNING * * *
The orc misses you. The kobold barely misses you.
The bat completely misses you.
The orc wizard mumbles some strange words.
The orc wizard flickers and vanishes!
You hit the bat. You freeze the bat. Your grab misses the bat.
The bat is severely wounded.
The bat barely misses you. The orc closely misses you. The kobold misses you.
You barely miss the bat. Your grab misses the bat. The bat misses you.
The orc misses you.
The kobold hits you with a +0 short sword.
You die...

,,*,*,,,,,,,,,,* #..###....## ###
,,*,*,,,,,,,,,,**#..##......# #
,**,*,,,,.,,,,,*#...#....##.### #
***,*,,,,..,,,,*#,#.#..[.##...###
,,,,,*,,,...,,*##.#............##
,,,,,,,,,....,,,r.#..........#...
,,,,,,,,,.....,,,............###.
,,,,,,,,,......####.#........# ##
,,,,,,,,,.....rb@ooo...(.....# #
,,,,,,,,,......#K#o........###
,,,,,,,,,.....,#S#.#..####.######
,,,,,,,,,.......{wo...#* #.......
,,,,,,*,,...,#.........#*#######.
,,,,*,**,##*,#..........# #.
,,,,*,**,**,,##........$# ##
,,,,*,**,**,**#.........# #
,,,,*,**,**,**#.........#*******#


You could see a worm, an orc priest, an adder, 3 orcs, a bat, a kobold and a
rat.

Vanquished Creatures
  Robin (D:2)
  7 adders
  A worm (D:3)
  A dart slug (D:2)
  3 orcs (D:3)
  6 giant cockroaches
  17 goblins
  6 hobgoblins
  A quokka (D:2)
  A ball python (D:2)
  10 bats
  4 frilled lizards
  3 kobolds
  4 rats
65 creatures vanquished.

Notes
Turn   | Place    | Note
-------+----------+-------------------------------------------
     0 | D:1      | HEYYEYAAE the Octopode Hunter began the quest for the Orb.
     0 | D:1      | Reached XP level 1. HP: 14/14 MP: 1/1
   248 | D:1      | Reached XP level 2. HP: 19/19 MP: 2/2
   549 | D:1      | Found a shattered altar of Ashenzari.
  1011 | D:2      | Noticed Robin
  1012 | D:2      | Reached XP level 3. HP: 22/25 MP: 3/3
  1747 | D:2      | Killed Robin
  1747 | D:2      | Reached XP level 4. HP: 21/30 MP: 4/4
  2155 | D:3      | Reached XP level 5. HP: 36/36 MP: 5/5
  2180 | D:3      | HP: 1/36 [orc priest/divine providence (10)]
  2182 | D:3      | Slain by a kobold

Skill      XL: |  1  2  3  4 |
---------------+-------------+-----
Stealth        | 2 |  2.9
Dodging        | 3 |  3.2
Fighting       | 3 |  3.2
Crossbows      | |  4.8

Action                   |  1- 3 |  4- 6 || total
-------------------------+-------+-------++-------
Melee: Dagger            |    27 |    61 ||    88
       Constrict         |     6 |     7 ||    13
       Tentacles         |     6 |     3 ||     9
       Short sword       |       |     3 ||     3
 Fire: Hand crossbow     |    63 |    22 ||    85
  Use: Potion            |     2 |     3 ||     5
       Scroll            |       |     7 ||     7
 Stab: Sleeping          |     1 |     2 ||     3
  Eat: Chunk             |     2 |     2 ||     4
Armor: Skin              |     4 |    95 ||    99
Dodge: Dodged            |    38 |    59 ||    97
